 Dungeon Crawl Stone Soup version 0.30-a0-509-gd016549fea (webtiles) character file.

Game seed: 5765894951607909592

11963 munchyjoey the Destroyer (level 11, -13/81 HPs)
             Began as a Red Draconian Conjurer on Dec 22, 2022.
             Was an Initiate of Gozag.
             Mangled by a komodo dragon (22 damage)
             ... on level 2 of the Lair of Beasts.
             The game lasted 00:52:25 (13875 turns).

munchyjoey the Destroyer (Red Draconian Conjurer)  Turns: 13875, Time: 00:52:25

Health: -13/81     AC: 13    Str: 10    XL:     11   Next: 56%
Magic:  24/24      EV: 12    Int: 22    God:    Gozag
Gold:   1296       SH:  0    Dex: 10    Spells: 10/28 levels left

rFire   + + .      SeeInvis .    d - +7 dagger (protect)
rCold   x . .      Faith    .    (no shield)
rNeg    . . .      Spirit   .    (body armour unavailable)
rPois   +          Reflect  .    m - +1 hat
rElec   .          Harm     .    M - +0 cloak
rCorr   .          Rampage  .    j - +2 pair of gloves
Will    .....                    h - +0 pair of boots
Stlth   ++........               E - amulet of magic regeneration
HPRegen 0.33/turn                e - ring of fire
MPRegen 0.59/turn                p - ring of poison resistance

@: about to teleport
A: breathe fire, AC +7, unfitting armour, fire resistance 1, cold-blooded
a: Breathe Fire, Renounce Religion, Potion Petition, Call Merchant, Bribe Branch


You were on level 2 of the Lair of Beasts.
You worshipped Gozag.
Gozag was most pleased with you.
You visited 3 branches of the dungeon, and saw 14 of its levels.

You collected 1633 gold pieces.
You spent 217 gold pieces at shops.
You paid 120 gold pieces to Gozag.

Inventory:

Hand Weapons
 d - a +7 dagger of protection (weapon)
 f - a +1 short sword of venom
 u - a +1 sling of freezing
 G - a +1 vampiric short sword
Missiles
 N - a throwing net
Armour
 h - a +0 pair of boots (worn)
 j - a +2 pair of gloves (worn)
 m - a +1 hat (worn)
 M - a +0 cloak (worn)
Magical Staves
 L - a staff of conjuration
Jewellery
 e - a ring of fire (left hand)
 l - an amulet of regeneration
 o - a ring of see invisible
 p - a ring of poison resistance (right hand)
 A - a ring of flight
 E - an amulet of magic regeneration (around neck)
Wands
 c - a wand of mindburst (7)
 i - a wand of acid (12)
 s - a wand of paralysis (18)
 v - a wand of flame (21)
 I - a wand of digging (4)
Scrolls
 a - a scroll of poison
 k - a scroll of fear
 r - 5 scrolls of fog
 t - a scroll of teleportation
 w - a scroll of enchant weapon
 x - 2 scrolls of enchant armour
 F - a scroll of amnesia
 H - a scroll of acquirement {unknown}
Potions
 b - 4 potions of curing
 g - a potion of mutation {unknown}
 n - 2 potions of brilliance
 q - 2 potions of flight
 z - 3 potions of berserk rage
 B - a potion of cancellation
 C - 2 potions of might
 J - a potion of resistance {unknown}


   Skills:
 * Level 2.6 Fighting
 - Level 1.7 Dodging
 - Level 1.7 Stealth
 * Level 9.3 Spellcasting
 * Level 10.6 Conjurations
 * Level 8.7 Translocations
 * Level 10.2 Fire Magic


You had 10 spell levels left.
You knew the following spells:

 Your Spells              Type           Power      Damage    Failure   Level
a - Magic Dart            Conj           100%       1d8       1%          1
b - Searing Ray           Conj           100%       2d8       1%          2
c - Iskenderun's Mystic   Conj/Tloc      51%        2d11      1%          4
d - Fireball              Conj/Fire      35%        3d15      2%          5
e - Starburst             Conj/Fire      35%        6d10      14%         6

Your spell library contained the following spells:

 Spells                   Type           Power      Damage    Failure   Level
 Apportation              Tloc           96%        N/A       1%          1
 Kiss of Death            Conj/Necr      100%       2d13      1%          1
 Shock                    Conj/Air       100%       1d9       1%          1
 Kindle Blastsparks       Fire/Tloc/Air  100%       2d18      1%          3
 Sticky Flame             Conj/Fire      71%        2d8       1%          4
 Dazzling Flash           Conj/Hex       66%        N/A       2%          3
 Iskenderun's Battlesphe  Conj           54%        2d10      2%          5
 Portal Projectile        Hex/Tloc       58%        N/A       3%          3
 Ignite Poison            Fire/Tmut/Pois 37%        N/A       4%          3
 Sandblast                Erth           20%        2d7       7%          1
 Fulminant Prism          Conj/Hex       16%        3d10      8%          4
 Sublimation of Blood     Necr           10%        N/A       10%         2
 Wereblood                Tmut           10%        N/A       10%         2
 Call Canine Familiar     Summ           10%        N/A       21%         3
 Confusing Touch          Hex            10%        N/A       21%         3
 Swiftness                Air            10%        N/A       21%         3
 Freezing Cloud           Conj/Ice/Air   12%        6-21      38%         5
 Airstrike                Air            5%         2d(1-17)  54%         4
 Dispel Undead            Necr           10%        3d9       54%         4
 Leda's Liquefaction      Hex/Erth       5%         N/A       54%         4
 Orb of Destruction       Conj           27%        9d9       56%         7
 Conjure Ball Lightning   Conj/Air       16%        3x3d6     75%         6
 Alistair's Intoxication  Tmut/Pois      6%         N/A       88%         5
 Summon Hydra             Summ           5%         N/A       100%        7
 Ignition                 Fire           35%        3d11      100%        8


Dungeon Overview and Level Annotations

Branches:
Dungeon (12/15)            Temple (1/1) D:6            Lair (2/5) D:11
  Snake (0/4) Lair:2
  Swamp: Lair:2-3    Shoals: Lair:2-3       Orc: D:9-12

Altars:
Ashenzari
Cheibriados
Dithmenos
Elyvilon
Fedhas
Gozag
Hepliaklqana
Kikubaaqudgha
Makhleb
Okawaru
Qazlal
Sif Muna
Trog
Uskayaw
Vehumet
Wu Jian
Xom
Yredelemnul
Zin
The Shining One

Shops:
D:3 =   D:11 [[(

Annotations:
Lair:1 3 runed translucent doors, Fypraclaro's ghost, journeyman GnHW
Lair:2 2 transporters, Xoliloucw's ghost, journeyman OpMo


Innate Abilities, Weirdness & Mutations

You can breathe blasts of fire.
Your fiery red scales are hard. (AC +7)
You cannot fit into any form of body armour.
Your flesh is heat resistant. (rF+)
You are cold-blooded and may be slowed by cold attacks.


Message History

The magic dart hits the guardian serpent.
The guardian serpent is lightly wounded.
The guardian serpent coils itself and waves its upper body at you.
Casting: Magic Dart (safe; 1% risk of failure)
Confirm with . or Enter, or press ? or * to list all spells.
Aiming: Magic Dart (safe; 1% risk of failure)
Press: ? - help, Shift-Dir - straight line, f/p - guardian serpent
Aim: a guardian serpent (lightly wounded, 100% to hit)
The magic dart hits the guardian serpent.
The guardian serpent is lightly wounded.
The seven-headed hydra bites you but does no damage.
The seven-headed hydra bites you! x2
The seven-headed hydra closely misses you.
The seven-headed hydra completely misses you.
The seven-headed hydra bites you but does no damage. x2
The komodo dragon bites you!
As you read the scroll of teleportation, it crumbles to dust.
You feel strangely unstable.
The seven-headed hydra barely misses you.
The seven-headed hydra bites you! x2
* * * LOW HITPOINT WARNING * * *
The seven-headed hydra bites you but does no damage.
The seven-headed hydra closely misses you.
The seven-headed hydra bites you!
* * * LOW HITPOINT WARNING * * *
The seven-headed hydra bites you but does no damage.
The komodo dragon closely misses you.
You feel better.
The seven-headed hydra bites you but does no damage.
The seven-headed hydra closely misses you.
The seven-headed hydra bites you but does no damage.
The seven-headed hydra completely misses you.
The seven-headed hydra bites you!
* * * LOW HITPOINT WARNING * * *
The seven-headed hydra bites you.
* * * LOW HITPOINT WARNING * * *
The seven-headed hydra closely misses you.
The komodo dragon bites you!!
You die...
Your body crumbles into a pile of gold.

##....$.....
P........>.
#.........
........ .
#.....##..
#......... #..###
#..S...# ....#.#
#l@...# ...?...#
## ##D..###
.......##.
##.####
.........####...#
..........#..#.##
...........##..#
..........##...#
..........##..##
........####..#


You could see a seven-headed hydra, a komodo dragon and a guardian serpent.

Vanquished Creatures
  2 two-headed ogres
  Pikel (D:6)
  A manticore (D:11)
  Joseph (Lair:1)
  A black mamba (Lair:1)
  4 cane toads
  2 komodo dragons
  A troll (D:11)
  A hornet (D:8)
  Grinder (D:6)
  4 blink frogs (Lair:1)
  4 wyverns
  4 yaks (Lair:1)
  3 steam dragons
  2 basilisks (Lair:1)
  3 water moccasins
  3 sky beasts
  5 orc warriors
  2 ice beasts (D:5)
  2 black bears
  4 ogres
  5 centaurs
  3 wolves (Lair:1)
  3 lemures (D:6)
  3 phantoms
  2 kobold brigands (D:7)
  4 bullfrogs
  3 scorpions
  A necrophage (D:5)
  8 wights
  3 howler monkeys
  A lava snake (D:8)
  2 jellies
  An orc priest (D:7)
  A hound (D:6)
  4 iguanas
  3 gnoll boudas (D:7)
  6 orc wizards
  An ogre zombie (D:9)
  13 gnolls (D:7)
  3 adders
  A shadow imp (D:7)
  2 white imps
  2 ufetubi
  A worm (D:2)
  A dart slug (D:1)
  14 orcs
  6 ball pythons
  11 endoplasms
  2 giant cockroaches
  6 goblins
  6 hobgoblins
  3 jackals (D:3)
  5 kobolds
  2 quokkas
  3 bats
  5 frilled lizards
  A goblin zombie (D:9)
  4 orc zombies (D:9)
  5 rats
201 creatures vanquished.

Vanquished Creatures (others)
  7 fungi
  17 plants
24 creatures vanquished.

Grand Total: 225 creatures vanquished

Notes
Turn   | Place    | Note
-------+----------+-------------------------------------------
     0 | D:1      | munchyjoey the Draconian Conjurer began the quest for the
                  | Orb.
     0 | D:1      | Reached XP level 1. HP: 14/14 MP: 3/3
   270 | D:1      | Reached XP level 2. HP: 19/20 MP: 0/5
   515 | D:1      | Learned a level 2 spell: Searing Ray
  1006 | D:1      | Reached XP level 3. HP: 26/26 MP: 0/7
  2417 | D:3      | Found a shadowy altar of Dithmenos.
  2701 | D:3      | Reached XP level 4. HP: 33/33 MP: 3/8
  2884 | D:3      | Found a broken altar of Ashenzari.
  3461 | D:3      | Found Lara's One-of-a-Kind Rings.
  3535 | D:3      | Reached skill level 5 in Conjurations
  3744 | D:4      | Found an ancient bone altar of Kikubaaqudgha.
  3830 | D:4      | Learned a level 4 spell: Iskenderun's Mystic Blast
  4337 | D:4      | Reached skill level 1 in Translocations
  4337 | D:4      | Reached XP level 5. HP: 38/38 MP: 1/10
  4675 | D:5      | Entered Level 5 of the Dungeon
  4795 | D:5      | Noticed an ice beast
  4815 | D:5      | Killed an ice beast
  4816 | D:5      | Reached XP level 6. HP: 45/45 MP: 0/12
  5109 | D:5      | Noticed an ice beast
  5115 | D:5      | Killed an ice beast
  5206 | D:5      | Found a shimmering blue altar of Sif Muna.
  5449 | D:5      | Your scales start taking on a fiery red colour.
  5449 | D:5      | Reached XP level 7. HP: 50/50 MP: 5/14
  5449 | D:5      | Gained mutation: Your flesh is heat resistant. (rF+) [Red
                  | Draconian growth]
  5455 | D:5      | Learned a level 5 spell: Fireball
  5577 | D:5      | Reached skill level 1 in Fire Magic
  5645 | D:5      | Reached skill level 5 in Spellcasting
  6365 | D:5      | Found a glowing silver altar of Zin.
  6662 | D:6      | Noticed Grinder
  6692 | D:6      | Paralysed by Grinder for 2 turns
  6694 | D:6      | Killed Grinder
  6695 | D:6      | Reached XP level 8. HP: 57/57 MP: 3/16
  7131 | D:6      | Found a staircase to the Ecumenical Temple.
  7150 | Temple   | Entered the Ecumenical Temple
  7213 | Temple   | Became a worshipper of Gozag Ym Sagoz the Greedy
  7286 | D:6      | Noticed Pikel
  7319 | D:6      | Killed Pikel
  7320 | D:6      | Reached skill level 5 in Fire Magic
  7486 | D:6      | Reached XP level 9. HP: 62/62 MP: 11/18
  7652 | D:6      | Found an ornate altar of the Wu Jian Council.
  7678 | D:7      | Found a stormy altar of Qazlal.
  7737 | D:7      | Reached skill level 5 in Translocations
  7955 | D:7      | Found a radiant altar of Vehumet.
  9401 | D:7      | Reached XP level 10. HP: 63/69 MP: 19/21
 10040 | D:8      | Found a burning altar of Makhleb.
 10737 | D:8      | Identified the +8 dagger of Desertification {antimagic,
                  | rF++}
 11178 | D:8      | Found a snail-covered altar of Cheibriados.
 11491 | D:9      | Noticed a two-headed ogre
 11496 | D:9      | Killed a two-headed ogre
 11627 | D:9      | Found an iron altar of Okawaru.
 11636 | D:9      | You fall into a shaft and drop 2 floors!
 11660 | D:11     | Found Zoloty's Antique Weapon Shop.
 11669 | D:11     | Noticed a manticore
 11672 | D:11     | Killed a manticore
 11750 | D:11     | Noticed a two-headed ogre
 11792 | D:11     | Killed a two-headed ogre
 11793 | D:11     | Reached skill level 10 in Conjurations
 11793 | D:11     | Reached XP level 11. HP: 59/74 MP: 6/23
 11959 | D:11     | Found Feokhl Cauly's Antique Armour Emporium.
 11966 | D:11     | Bought a pair of embroidered gloves for 217 gold pieces
 12071 | D:11     | Found Epynn's Armour Shoppe.
 12287 | D:11     | Found a staircase to the Lair.
 12345 | Lair:1   | Entered Level 1 of the Lair of Beasts
 12744 | Lair:1   | Found a runed translucent gate.
 12745 | Lair:1   | Found a runed translucent gate.
 12746 | Lair:1   | Found a runed translucent gate.
 12749 | Lair:1   | Noticed Fypraclaro's ghost (journeyman GnHW)
 12875 | Lair:1   | Reached skill level 1 in Fighting
 13046 | Lair:1   | Noticed Joseph
 13054 | Lair:1   | Killed Joseph
 13055 | Lair:1   | Reached skill level 10 in Fire Magic
 13116 | Lair:1   | Identified the +1 ring mail of Insecurity {rPois}
 13662 | Lair:2   | Got Sif Muna's Encyclopedia of Conflagrant Stones
 13670 | Lair:2   | Learned a level 6 spell: Starburst
 13681 | Lair:2   | Found a transporter.
 13689 | Lair:2   | Noticed Xoliloucw's ghost (journeyman OpMo)
 13690 | Lair:2   | Noticed a catoblepas
 13722 | Lair:2   | Found a transporter.
 13870 | Lair:2   | Found a staircase to the Snake Pit.
 13873 | Lair:2   | Noticed a seven-headed hydra
 13875 | Lair:2   | Mangled by a komodo dragon

Illustrated notes

Levels and vault maps discovered:
D:1:      minmay_arrival_five_plusses, layout_basic, hex_intersection,
          nrook_mini_backslash
D:2:      layout_basic
D:3:      layout_basic, lemuel_coloured_pillars_altar,
          mainiacjoe_overflow_concentric_impassable, grunt_decor_resistance,
          nicolae_shop_unique_rings, kennysheep_generic_room_5
D:4:      layout_loops_cross, mainiacjoe_overflow_catwalk
D:5:      wad_pebble_path, layout_basic, led_sif_book, zin_academy,
          dk_vineyard_1, small_statue_intersection
D:6:      layout_basic, nzn_wu_jian_council_hall, minmay_temple_entry_overgrown,
          uniq_pikel, uniq_grinder
D:7:      kennysheep_seaside_town, layout_rooms, nicolae_vehumet_radiance,
          nicolae_qazlal_scattered_showers, kennysheep_generic_room_16
D:8:      layout_loops_cross, cheibrodos_worm_habitat, bloody_makhleb,
          enter_bailey_2, kennysheep_opposing_triangles
D:9:      layout_rooms, okawaru_metal_pillars_3, zombieorc2_lemuel
D:11:     layout_stronghold, david_lair_shrubbed, serial_shops, shop,
          nicolae_take_the_stairs, shop
D:12:     layout_roguey, gauntlet_entry_generic, hangedman_ranch, uniq_jorgrun
Temple:   dpeg_three_leaves_temple
Lair:1:   layout_cave_pods, gammafunk_ghost_split, uniq_joseph
Lair:2:   layout_cave_pods, minmay_shoals_entry_lonely_mermaid,
          minmay_snake_entry_spellcaster, gammafunk_ghost_berserking_beasts,
          minivault_27

Skill      XL: |  1  2  3  4  5  6  7  8  9 10 11 |
---------------+----------------------------------+-----
Spellcasting   | 3 4 5 6 7 8 9 |  9.3
Conjurations   | 5 6 7 8 10 | 10.6
Translocations | 1 2 3 4 6 7 8 |  8.7
Fire Magic     | 3 5 7 9 10 | 10.2
Fighting       | 2 |  2.6
Dodging        | |  1.7
Stealth        | |  1.7

Action                   |  1- 3 |  4- 6 |  7- 9 | 10-12 || total
-------------------------+-------+-------+-------+-------++-------
Melee: Unarmed           |     7 |       |       |       ||     7
       Dagger            |     2 |     8 |     8 |     1 ||    19
       Tailslap          |       |       |     1 |       ||     1
 Cast: Magic Dart        |    85 |    76 |   193 |    73 ||   427
       Searing Ray       |     5 |    19 |    99 |    21 ||   144
       Fireball          |       |       |     1 |    53 ||    54
       Iskenderun's Myst |       |       |    11 |    17 ||    28
 Abil: Breathe Fire      |       |       |     1 |       ||     1
  Use: Scroll            |       |     8 |     8 |     8 ||    24
       Potion            |       |       |     5 |     6 ||    11
Armor: Skin              |    13 |     8 |    39 |    20 ||    80
Dodge: Dodged            |    28 |    17 |    66 |    44 ||   155

Table legend: (Time is in decaauts)
 A = Elapsed time spent in this place.
 B = Non-inter-level travel time spent in this place.
 C = Inter-level travel time spent in this place.
 D = Time resting spent in this place.
 E = Time spent auto-exploring this place.
 F = Levels seen in this place.
 G = Mean time per level.
                   A        B        C        D        E       F      G
               +--------+--------+--------+--------+--------+-----+--------+
         Total |  13892 |  13170 |    722 |    518 |  10727 |  14 |  992.3 |
       Dungeon |  12379 |  11742 |    637 |    518 |   9495 |  11 | 1125.4 |
        Temple |     75 |     64 |     11 |      0 |     49 |   1 |   75.0 |
          Lair |   1437 |   1363 |     74 |      0 |   1183 |   2 |  718.5 |
               +--------+--------+--------+--------+--------+-----+--------+

Top non-repeatable levels by time:
     D:7: 2758 daAuts
     D:5: 1979 daAuts
     D:1: 1346 daAuts
     D:3: 1292 daAuts
  Lair:1: 1179 daAuts
     D:8: 1055 daAuts
     D:2: 1044 daAuts
     D:4: 987 daAuts
     D:6: 946 daAuts
    D:11: 765 daAuts
  Lair:2: 257 daAuts
     D:9: 165 daAuts
  Temple: 75 daAuts
    D:12: 36 daAuts
